Workbook

Sheet Employés
A1: EmployeID | B1: Nom | C1: Prénom | D1: Sexe | E1: DateNaissance | F1: Age | G1: Ville | H1: Département | I1: Poste | J1: TypeContrat | K1: TempsTravail | L1: Salaire_EUR | M1: DateEmbauche | N1: DateSortie | O1: MotifSortie | P1: Manager | Q1: Evaluation | R1: HeuresFormation_2025
A2: 1001 | B2: Lefebvre | C2: Gabriel | D2: H | E2: 32746 | F2: 36 | G2: Lyon | H2: Production | I2: Chargé RH | J2: CDD | K2: Temps plein | L2: 1990 | M2: 45619 | P2: Sacha Bernard | Q2: 2 | R2: 15.3
A3: 1002 | B3: Bernard | C3: Alice | D3: F | E3: 24465 | F3: 58 | G3: Marseille | H3: Qualité | I3: Magasinier | J3: Intérim | K3: Temps plein | L3: 2940 | M3: 44447 | P3: Nathan Michel | Q3: 4 | R3: 17.6
A4: 1003 | B4: Thomas | C4: Sacha | D4: H | E4: 24191 | F4: 59 | G4: Nice | H4: Ventes | I4: Préparateur de commandes | J4: Intérim | K4: Temps plein | L4: 2940 | M4: 44398 | P4: Arthur Bernard | Q4: 4 | R4: 18.7
A5: 1004 | B5: Moreau | C5: Louise | D5: F | E5: 35666 | F5: 28 | G5: Toulon | H5: RH | I5: Développeur | J5: CDD | K5: Temps plein | L5: 2440 | M5: 45743 | P5: Camille Girard | Q5: 3 | R5: 6.9
A6: 1005 | B6: Vincent | C6: Sacha | D6: H | E6: 37348 | F6: 23 | G6: Lille | H6: Marketing | I6: Responsable paie | J6: CDI | K6: Temps plein | L6: 2830 | M6: 44776 | N6: 45317 | O6: Démission | P6: Inès Bernard | Q6: 4 | R6: 26.4
A7: 1006 | B7: Girard | C7: Manon | D7: F | E7: 30857 | F7: 41 | G7: Nîmes | H7: Logistique | I7: Magasinier | J7: CDD | K7: Temps plein | L7: 2070 | M7: 45800 | P7: Maël Garcia | Q7: 3 | R7: 16.2
A8: 1007 | B8: Richard | C8: Arthur | D8: H | E8: 25345 | F8: 56 | G8: Nice | H8: Finance | I8: Chargé RH | J8: CDI | K8: Temps plein | L8: 2880 | M8: 45024 | P8: Anna Simon | Q8: 3 | R8: 30.3
A9: 1008 | B9: Fournier | C9: Chloé | D9: F | E9: 38145 | F9: 21 | G9: Marseille | H9: Production | I9: Contrôleur de gestion | J9: CDI | K9: Temps plein | L9: 1850 | M9: 45882 | P9: Jules Robert | Q9: 3 | R9: 17
A10: 1009 | B10: Bernard | C10: Mila | D10: F | E10: 35004 | F10: 29 | G10: Marseille | H10: Ventes | I10: Demand Planner | J10: CDI | K10: Temps plein | L10: 3410 | M10: 44387 | P10: Lina Simon | Q10: 3 | R10: 33
A11: 1010 | B11: David | C11: Inès | D11: F | E11: 30483 | F11: 42 | G11: Clermont-Ferrand | H11: IT | I11: Technicien support | J11: CDD | K11: Temps plein | L11: 3050 | M11: 44246 | N11: 45768 | O11: Démission | P11: Louis David | Q11: 2 | R11: 15.9
A12: 1011 | B12: Bernard | C12: Jade | D12: F | E12: 28775 | F12: 46 | G12: Montpellier | H12: Ventes | I12: Technicien support | J12: Alternance | K12: Temps plein | L12: 2800 | M12: 44971 | P12: Ethan Laurent | Q12: 3 | R12: 4.7
A13: 1012 | B13: Laurent | C13: Raphaël | D13: H | E13: 30687 | F13: 41 | G13: Nantes | H13: Ventes | I13: Contrôleur de gestion | J13: Intérim | K13: Temps plein | L13: 3440 | M13: 45256 | P13: Louis Robert | Q13: 3 | R13: 18.6
A14: 1013 | B14: Lefebvre | C14: Mila | D14: F | E14: 29505 | F14: 44 | G14: Dijon | H14: Service Client | I14: Chargé RH | J14: Alternance | K14: Temps plein | L14: 1900 | M14: 45061 | N14: 45411 | O14: Démission | P14: Louis Robert | Q14: 3 | R14: 1.4
A15: 1014 | B15: Roux | C15: Rose | D15: F | E15: 36331 | F15: 26 | G15: Strasbourg | H15: Logistique | I15: Magasinier | J15: CDI | K15: Temps partiel | L15: 1990 | M15: 44452 | P15: Mila Durand | Q15: 2 | R15: 48.2
A16: 1015 | B16: Robert | C16: Gabriel | D16: H | E16: 36306 | F16: 26 | G16: Nice | H16: Ventes | I16: Commercial | J16: Intérim | K16: Temps plein | L16: 1920 | M16: 44625 | N16: 45507 | O16: Démission | P16: Louise Leroy | Q16: 3 | R16: 18.2
A17: 1016 | B17: Michel | C17: Gabriel | D17: H | E17: 31787 | F17: 38 | G17: Nîmes | H17: Finance | I17: Responsable paie | J17: CDI | K17: Temps plein | L17: 4270 | M17: 44208 | P17: Gabriel Andre | Q17: 5 | R17: 13.7
A18: 1017 | B18: Morel | C18: Inès | D18: F | E18: 35658 | F18: 28 | G18: Lyon | H18: Logistique | I18: Technicien support | J18: CDI | K18: Temps plein | L18: 2840 | M18: 44887 | P18: Rose Girard | Q18: 1 | R18: 8.6
A19: 1018 | B19: Lefebvre | C19: Mila | D19: F | E19: 35838 | F19: 27 | G19: Saint-Étienne | H19: Production | I19: Chef d'équipe | J19: Intérim | K19: Temps plein | L19: 1900 | M19: 45289 | N19: 45579 | O19: Démission | P19: Emma Petit | Q19: 3 | R19: 8.4
A20: 1019 | B20: Garcia | C20: Arthur | D20: H | E20: 33615 | F20: 33 | G20: Nantes | H20: Qualité | I20: Contrôleur de gestion | J20: CDI | K20: Temps plein | L20: 3340 | M20: 44717 | P20: Lucas Vincent | Q20: 5 | R20: 16.8
A21: 1020 | B21: Laurent | C21: Hugo | D21: H | E21: 30947 | F21: 41 | G21: Tours | H21: RH | I21: Opérateur logistique | J21: CDI | K21: Temps plein | L21: 3040 | M21: 44318 | N21: 45808 | O21: Démission | P21: Adam Robert | Q21: 3 | R21: 3.5
A22: 1021 | B22: Fournier | C22: Lina | D22: F | E22: 25763 | F22: 55 | G22: Reims | H22: RH | I22: Chef de produit | J22: CDI | K22: Temps plein | L22: 2620 | M22: 45671 | N22: 45871 | O22: Licenciement | P22: Manon David | Q22: 1 | R22: 8.7
A23: 1022 | B23: Robert | C23: Hugo | D23: H | E23: 37820 | F23: 22 | G23: Toulouse | H23: Achats | I23: Data Analyst RH | J23: CDI | K23: Temps plein | L23: 2570 | M23: 45011 | P23: Paul Richard | Q23: 4 | R23: 9
A24: 1023 | B24: Bertrand | C24: Alice | D24: F | E24: 31465 | F24: 39 | G24: Reims | H24: Production | I24: Développeur | J24: CDI | K24: Temps plein | L24: 2190 | M24: 44464 | P24: Léa Bertrand | Q24: 2 | R24: 27.6
A25: 1024 | B25: Dubois | C25: Ethan | D25: H | E25: 32206 | F25: 37 | G25: Strasbourg | H25: Achats | I25: Planificateur | J25: CDI | K25: Temps plein | L25: 3160 | M25: 45091 | P25: Noah Durand | Q25: 3 | R25: 23.6
A26: 1025 | B26: Bertrand | C26: Léa | D26: F | E26: 33817 | F26: 33 | G26: Rennes | H26: Production | I26: Commercial | J26: CDI | K26: Temps partiel | L26: 970 | M26: 44781 | P26: Léa Petit | Q26: 3 | R26: 8.2
A27: 1026 | B27: Lefebvre | C27: Rose | D27: F | E27: 27748 | F27: 49 | G27: Nice | H27: IT | I27: Acheteur | J27: CDI | K27: Temps plein | L27: 3850 | M27: 45776 | P27: Lucas Martin | Q27: 4 | R27: 8.6
A28: 1027 | B28: Leroy | C28: Manon | D28: F | E28: 27786 | F28: 49 | G28: Lille | H28: Production | I28: Responsable paie | J28: CDI | K28: Temps plein | L28: 2500 | M28: 44946 | P28: Lina Laurent | Q28: 5 | R28: 6.9
A29: 1028 | B29: Durand | C29: Hugo | D29: H | E29: 37512 | F29: 23 | G29: Dijon | H29: Ventes | I29: Acheteur | J29: CDI | K29: Temps plein | L29: 2720 | M29: 45575 | P29: Maël Fournier | Q29: 2 | R29: 13.9
A30: 1029 | B30: Morel | C30: Manon | D30: F | E30: 29361 | F30: 45 | G30: Reims | H30: Achats | I30: Chargé RH | J30: CDI | K30: Temps plein | L30: 2640 | M30: 44375 | P30: Adam Andre | Q30: 2 | R30: 25
A31: 1030 | B31: Richard | C31: Manon | D31: F | E31: 25663 | F31: 55 | G31: Toulon | H31: Ventes | I31: Data Analyst RH | J31: CDD | K31: Temps plein | L31: 2100 | M31: 44813 | N31: 45008 | O31: Démission | P31: Ambre Lefebvre | Q31: 2 | R31: 16.6
A32: 1031 | B32: Dubois | C32: Paul | D32: H | E32: 32654 | F32: 36 | G32: Nantes | H32: Logistique | I32: Technicien qualité | J32: CDI | K32: Temps plein | L32: 2950 | M32: 45764 | P32: Sacha Garcia | Q32: 3 | R32: 16.2
A33: 1032 | B33: Fournier | C33: Louise | D33: F | E33: 24110 | F33: 59 | G33: Tours | H33: Finance | I33: Chef de produit | J33: CDI | K33: Temps plein | L33: 3580 | M33: 45896 | P33: Nathan Roux | Q33: 5 | R33: 20.8
A34: 1033 | B34: Lemoine | C34: Lucas | D34: H | E34: 32375 | F34: 37 | G34: Toulouse | H34: Qualité | I34: Planificateur | J34: CDI | K34: Temps partiel | L34: 1760 | M34: 45597 | P34: Théo Petit | Q34: 3 | R34: 13.4
A35: 1034 | B35: Martin | C35: Alice | D35: F | E35: 30186 | F35: 43 | G35: Strasbourg | H35: Logistique | I35: Acheteur | J35: CDI | K35: Temps plein | L35: 2600 | M35: 45277 | P35: Sacha Simon | Q35: 3 | R35: 0
A36: 1035 | B36: Robert | C36: Adam | D36: H | E36: 37265 | F36: 23 | G36: Lyon | H36: Ventes | I36: Responsable paie | J36: CDI | K36: Temps plein | L36: 1970 | M36: 44831 | P36: Rose Bertrand | Q36: 4 | R36: 13.3
A37: 1036 | B37: Bertrand | C37: Maël | D37: H | E37: 37899 | F37: 21 | G37: Bordeaux | H37: Marketing | I37: Demand Planner | J37: CDI | K37: Temps plein | L37: 2280 | M37: 44610 | N37: 45844 | O37: Licenciement | P37: Rose Garcia | Q37: 3 | R37: 8
A38: 1037 | B38: Martin | C38: Inès | D38: F | E38: 25781 | F38: 55 | G38: Bordeaux | H38: Ventes | I38: Technicien qualité | J38: CDD | K38: Temps plein | L38: 2350 | M38: 44279 | N38: 45621 | O38: Licenciement | P38: Jade Roux | Q38: 4 | R38: 5.5
A39: 1038 | B39: Bertrand | C39: Ethan | D39: H | E39: 29618 | F39: 44 | G39: Angers | H39: RH | I39: Demand Planner | J39: Alternance | K39: Temps plein | L39: 3550 | M39: 45836 | P39: Anna Roux | Q39: 3 | R39: 17.9
A40: 1039 | B40: Leroy | C40: Arthur | D40: H | E40: 34074 | F40: 32 | G40: Lyon | H40: IT | I40: Contrôleur de gestion | J40: CDD | K40: Temps plein | L40: 5000 | M40: 44347 | P40: Léa Dubois | Q40: 2 | R40: 31.9
A41: 1040 | B41: Bertrand | C41: Sacha | D41: H | E41: 38285 | F41: 20 | G41: Tours | H41: Ventes | I41: Planificateur | J41: CDI | K41: Temps partiel | L41: 3010 | M41: 44640 | N41: 45300 | O41: Démission | P41: Nathan Roux | Q41: 3 | R41: 31.2
A42: 1041 | B42: Durand | C42: Camille | D42: F | E42: 37929 | F42: 21 | G42: Angers | H42: RH | I42: Gestionnaire ADV | J42: CDD | K42: Temps plein | L42: 3230 | M42: 45123 | P42: Alice Garcia | Q42: 1 | R42: 13.8
A43: 1042 | B43: Lefebvre | C43: Hugo | D43: H | E43: 28876 | F43: 46 | G43: Grenoble | H43: Ventes | I43: Data Analyst RH | J43: CDI | K43: Temps partiel | L43: 1460 | M43: 44764 | N43: 45304 | O43: Démission | P43: Hugo Petit | Q43: 3 | R43: 18.2
A44: 1043 | B44: Thomas | C44: Léa | D44: F | E44: 35384 | F44: 28 | G44: Bordeaux | H44: Marketing | I44: Responsable paie | J44: CDD | K44: Temps partiel | L44: 2090 | M44: 45276 | N44: 45889 | O44: Licenciement | P44: Manon Durand | Q44: 3 | R44: 29.4
A45: 1044 | B45: Lefebvre | C45: Jade | D45: F | E45: 30543 | F45: 42 | G45: Dijon | H45: Marketing | I45: Technicien qualité | J45: Intérim | K45: Temps plein | L45: 2650 | M45: 44982 | P45: Louise Andre | Q45: 4 | R45: 14.5
A46: 1045 | B46: Lefebvre | C46: Nathan | D46: H | E46: 30726 | F46: 41 | G46: Rennes | H46: Service Client | I46: Magasinier | J46: CDI | K46: Temps plein | L46: 2440 | M46: 45146 | N46: 45238 | O46: Licenciement | P46: Paul Laurent | Q46: 2 | R46: 11.1
A47: 1046 | B47: Garcia | C47: Nathan | D47: H | E47: 32863 | F47: 35 | G47: Grenoble | H47: Logistique | I47: Opérateur logistique | J47: CDI | K47: Temps plein | L47: 1870 | M47: 44975 | P47: Chloé Bertrand | Q47: 2 | R47: 4.5
A48: 1047 | B48: Durand | C48: Jade | D48: F | E48: 30140 | F48: 43 | G48: Toulouse | H48: Service Client | I48: Chargé RH | J48: CDD | K48: Temps plein | L48: 1880 | M48: 45554 | P48: Noah Richard | Q48: 4 | R48: 10.5
A49: 1048 | B49: Michel | C49: Gabriel | D49: H | E49: 33746 | F49: 33 | G49: Strasbourg | H49: Finance | I49: Chef d'équipe | J49: CDI | K49: Temps plein | L49: 2920 | M49: 45459 | N49: 45674 | O49: Fin de CDD | P49: Inès David | Q49: 3 | R49: 34.7
A50: 1049 | B50: Leroy | C50: Jade | D50: F | E50: 30628 | F50: 41 | G50: Lyon | H50: Achats | I50: Technicien qualité | J50: CDI | K50: Temps plein | L50: 2830 | M50: 45884 | P50: Lucas Morel | Q50: 3 | R50: 21.3
A51: 1050 | B51: Dubois | C51: Louis | D51: H | E51: 36910 | F51: 24 | G51: Tours | H51: RH | I51: Commercial | J51: CDD | K51: Temps plein | L51: 3540 | M51: 45502 | N51: 45731 | O51: Démission | P51: Manon Martin | Q51: 3 | R51: 19.5
A52: 1051 | B52: Michel | C52: Nathan | D52: H | E52: 27081 | F52: 51 | G52: Strasbourg | H52: Ventes | I52: Développeur | J52: CDI | K52: Temps plein | L52: 3550 | M52: 44455 | N52: 45201 | O52: Fin de CDD | P52: Jade Richard | Q52: 4 | R52: 20.4
A53: 1052 | B53: Petit | C53: Gabriel | D53: H | E53: 36448 | F53: 25 | G53: Montpellier | H53: Ventes | I53: Responsable entrepôt | J53: CDI | K53: Temps plein | L53: 2810 | M53: 44263 | P53: Raphaël Bertrand | Q53: 4 | R53: 18.8
A54: 1053 | B54: Laurent | C54: Chloé | D54: F | E54: 38061 | F54: 21 | G54: Paris | H54: Production | I54: Gestionnaire ADV | J54: Intérim | K54: Temps plein | L54: 2090 | M54: 45723 | N54: 45903 | O54: Démission | P54: Nathan Roux | Q54: 5 | R54: 19.6
A55: 1054 | B55: David | C55: Camille | D55: F | E55: 36056 | F55: 27 | G55: Nice | H55: Marketing | I55: Technicien support | J55: Intérim | K55: Temps plein | L55: 2720 | M55: 45103 | N55: 45179 | O55: Fin de CDD | P55: Mila Girard | Q55: 3 | R55: 25.9
A56: 1055 | B56: Lefebvre | C56: Théo | D56: H | E56: 28658 | F56: 47 | G56: Angers | H56: Qualité | I56: Responsable entrepôt | J56: CDI | K56: Temps plein | L56: 3400 | M56: 44371 | P56: Lina Petit | Q56: 3 | R56: 31
A57: 1056 | B57: Lemoine | C57: Ambre | D57: F | E57: 24351 | F57: 59 | G57: Bordeaux | H57: Production | I57: Chef d'équipe | J57: CDI | K57: Temps plein | L57: 2790 | M57: 44748 | P57: Rose Robert | Q57: 3 | R57: 19.5
A58: 1057 | B58: Lemoine | C58: Ethan | D58: H | E58: 25037 | F58: 57 | G58: Strasbourg | H58: Service Client | I58: Magasinier | J58: Alternance | K58: Temps plein | L58: 1710 | M58: 44893 | N58: 45594 | O58: Fin de CDD | P58: Théo Lefebvre | Q58: 2 | R58: 14.7
A59: 1058 | B59: Moreau | C59: Zoé | D59: F | E59: 24777 | F59: 57 | G59: Tours | H59: Ventes | I59: Commercial | J59: Intérim | K59: Temps plein | L59: 1950 | M59: 45012 | P59: Gabriel Richard | Q59: 3 | R59: 11.7
A60: 1059 | B60: Leroy | C60: Lucas | D60: H | E60: 33725 | F60: 33 | G60: Reims | H60: Qualité | I60: Data Analyst RH | J60: CDI | K60: Temps plein | L60: 2550 | M60: 45643 | P60: Alice Bernard | Q60: 2 | R60: 3.3
A61: 1060 | B61: Petit | C61: Chloé | D61: F | E61: 35477 | F61: 28 | G61: Reims | H61: Ventes | I61: Technicien qualité | J61: CDI | K61: Temps plein | L61: 3240 | M61: 44882 | N61: 45703 | O61: Démission | P61: Raphaël Leroy | Q61: 4 | R61: 17.9
A62: 1061 | B62: Durand | C62: Alice | D62: F | E62: 35743 | F62: 27 | G62: Angers | H62: IT | I62: Opérateur logistique | J62: CDI | K62: Temps plein | L62: 3090 | M62: 44619 | N62: 45880 | O62: Fin de CDD | P62: Louise Lefebvre | Q62: 4 | R62: 25.8
A63: 1062 | B63: Martin | C63: Mila | D63: F | E63: 25022 | F63: 57 | G63: Montpellier | H63: Service Client | I63: Responsable entrepôt | J63: CDI | K63: Temps plein | L63: 2080 | M63: 45910 | P63: Nathan Robert | Q63: 3 | R63: 22.4
A64: 1063 | B64: Fournier | C64: Ambre | D64: F | E64: 32226 | F64: 37 | G64: Saint-Étienne | H64: Finance | I64: Data Analyst RH | J64: CDI | K64: Temps partiel | L64: 2150 | M64: 44723 | P64: Louis Lemoine | Q64: 4 | R64: 27.3
A65: 1064 | B65: Bernard | C65: Louise | D65: F | E65: 27446 | F65: 50 | G65: Angers | H65: Marketing | I65: Magasinier | J65: CDD | K65: Temps plein | L65: 3640 | M65: 44213 | P65: Louise Bertrand | Q65: 1 | R65: 12.9
A66: 1065 | B66: Martin | C66: Inès | D66: F | E66: 24846 | F66: 57 | G66: Clermont-Ferrand | H66: IT | I66: Commercial | J66: CDI | K66: Temps plein | L66: 4280 | M66: 45252 | N66: 45835 | O66: Démission | P66: Ethan Laurent | Q66: 3 | R66: 29.8
A67: 1066 | B67: Garcia | C67: Mila | D67: F | E67: 29444 | F67: 45 | G67: Nîmes | H67: Logistique | I67: Préparateur de commandes | J67: CDD | K67: Temps plein | L67: 2560 | M67: 45394 | P67: Zoé Durand | Q67: 2 | R67: 6.2
A68: 1067 | B68: Garcia | C68: Lucas | D68: H | E68: 29498 | F68: 44 | G68: Marseille | H68: Service Client | I68: Planificateur | J68: CDI | K68: Temps partiel | L68: 1230 | M68: 44532 | P68: Nathan Dubois | Q68: 4 | R68: 7
A69: 1068 | B69: Leroy | C69: Manon | D69: F | E69: 27246 | F69: 51 | G69: Marseille | H69: Qualité | I69: Gestionnaire ADV | J69: CDI | K69: Temps partiel | L69: 1670 | M69: 44633 | P69: Alice Lemoine | Q69: 2 | R69: 21.8
A70: 1069 | B70: David | C70: Manon | D70: F | E70: 28644 | F70: 47 | G70: Saint-Étienne | H70: Service Client | I70: Chargé RH | J70: CDI | K70: Temps plein | L70: 1840 | M70: 44821 | P70: Léa Bernard | Q70: 2 | R70: 5
A71: 1070 | B71: Petit | C71: Zoé | D71: F | E71: 29329 | F71: 45 | G71: Marseille | H71: Qualité | I71: Développeur | J71: Alternance | K71: Temps partiel | L71: 1830 | M71: 44843 | P71: Ambre Moreau | Q71: 2 | R71: 21
A72: 1071 | B72: Martin | C72: Louise | D72: F | E72: 30083 | F72: 43 | G72: Dijon | H72: Finance | I72: Préparateur de commandes | J72: CDD | K72: Temps plein | L72: 4020 | M72: 44408 | P72: Jade Andre | Q72: 5 | R72: 14
A73: 1072 | B73: Moreau | C73: Raphaël | D73: H | E73: 35272 | F73: 29 | G73: Angers | H73: Qualité | I73: Responsable entrepôt | J73: CDD | K73: Temps plein | L73: 2550 | M73: 44441 | P73: Hugo Roux | Q73: 4 | R73: 22.9
A74: 1073 | B74: David | C74: Hugo | D74: H | E74: 35726 | F74: 27 | G74: Paris | H74: RH | I74: Responsable entrepôt | J74: Intérim | K74: Temps plein | L74: 3530 | M74: 44539 | P74: Manon Leroy | Q74: 5 | R74: 9.3
A75: 1074 | B75: Petit | C75: Maël | D75: H | E75: 25733 | F75: 55 | G75: Marseille | H75: Logistique | I75: Chargé RH | J75: CDI | K75: Temps plein | L75: 1820 | M75: 44246 | N75: 45657 | O75: Fin de CDD | P75: Lina Robert | Q75: 5 | R75: 6.3
A76: 1075 | B76: Bertrand | C76: Zoé | D76: F | E76: 29113 | F76: 46 | G76: Strasbourg | H76: Qualité | I76: Contrôleur de gestion | J76: CDI | K76: Temps plein | L76: 3310 | M76: 45301 | P76: Maël David | Q76: 3 | R76: 14.4
A77: 1076 | B77: Martin | C77: Gabriel | D77: H | E77: 28262 | F77: 48 | G77: Dijon | H77: Qualité | I77: Technicien support | J77: CDD | K77: Temps plein | L77: 2000 | M77: 45543 | P77: Mila Laurent | Q77: 3 | R77: 20
A78: 1077 | B78: Simon | C78: Hugo | D78: H | E78: 36027 | F78: 27 | G78: Paris | H78: RH | I78: Data Analyst RH | J78: CDI | K78: Temps plein | L78: 2950 | M78: 44428 | P78: Jade Petit | Q78: 4 | R78: 24.5
A79: 1078 | B79: Lemoine | C79: Anna | D79: F | E79: 31342 | F79: 39 | G79: Montpellier | H79: IT | I79: Gestionnaire ADV | J79: Intérim | K79: Temps plein | L79: 4600 | M79: 45568 | P79: Théo Vincent | Q79: 3 | R79: 27.6
A80: 1079 | B80: Michel | C80: Maël | D80: H | E80: 35226 | F80: 29 | G80: Strasbourg | H80: IT | I80: Préparateur de commandes | J80: Alternance | K80: Temps plein | L80: 2870 | M80: 45056 | P80: Ethan Moreau | Q80: 4 | R80: 7.4
A81: 1080 | B81: Durand | C81: Louise | D81: F | E81: 37600 | F81: 22 | G81: Strasbourg | H81: IT | I81: Magasinier | J81: Intérim | K81: Temps plein | L81: 4970 | M81: 45768 | P81: Jules Michel | Q81: 3 | R81: 10
A82: 1081 | B82: Morel | C82: Léa | D82: F | E82: 30127 | F82: 43 | G82: Saint-Étienne | H82: Logistique | I82: Demand Planner | J82: CDI | K82: Temps plein | L82: 2850 | M82: 45566 | P82: Emma Lemoine | Q82: 1 | R82: 26.8
A83: 1082 | B83: Robert | C83: Sacha | D83: H | E83: 29154 | F83: 45 | G83: Montpellier | H83: Ventes | I83: Chef de produit | J83: CDI | K83: Temps plein | L83: 2770 | M83: 45747 | N83: 45884 | O83: Fin de CDD | P83: Louise Richard | Q83: 4 | R83: 25.2
A84: 1083 | B84: Moreau | C84: Jules | D84: H | E84: 25360 | F84: 56 | G84: Montpellier | H84: Achats | I84: Gestionnaire ADV | J84: Intérim | K84: Temps plein | L84: 2370 | M84: 45404 | P84: Chloé Lefebvre | Q84: 5 | R84: 13.4
A85: 1084 | B85: David | C85: Chloé | D85: F | E85: 28772 | F85: 46 | G85: Nîmes | H85: Achats | I85: Chef d'équipe | J85: Intérim | K85: Temps plein | L85: 3870 | M85: 45853 | N85: 45924 | O85: Fin de CDD | P85: Jade Petit | Q85: 2 | R85: 16.7
A86: 1085 | B86: David | C86: Léa | D86: F | E86: 27955 | F86: 49 | G86: Nîmes | H86: RH | I86: Commercial | J86: CDI | K86: Temps plein | L86: 3110 | M86: 44350 | P86: Noah Garcia | Q86: 2 | R86: 4.8
A87: 1086 | B87: Petit | C87: Nathan | D87: H | E87: 24506 | F87: 58 | G87: Nice | H87: Ventes | I87: Chargé RH | J87: CDI | K87: Temps partiel | L87: 1600 | M87: 45280 | N87: 45788 | O87: Licenciement | P87: Lina Durand | Q87: 3 | R87: 32.4
A88: 1087 | B88: Vincent | C88: Noah | D88: H | E88: 27669 | F88: 50 | G88: Lille | H88: Ventes | I88: Opérateur logistique | J88: Intérim | K88: Temps plein | L88: 2460 | M88: 45095 | P88: Adam Lemoine | Q88: 3 | R88: 13.3
A89: 1088 | B89: Leroy | C89: Mila | D89: F | E89: 37673 | F89: 22 | G89: Rennes | H89: Service Client | I89: Préparateur de commandes | J89: Intérim | K89: Temps plein | L89: 2240 | M89: 45732 | P89: Lina Robert | Q89: 1 | R89: 23.7
A90: 1089 | B90: Morel | C90: Camille | D90: F | E90: 28675 | F90: 47 | G90: Lille | H90: Service Client | I90: Chargé RH | J90: CDI | K90: Temps plein | L90: 1950 | M90: 45305 | P90: Adam Morel | Q90: 3 | R90: 38.4
A91: 1090 | B91: Martin | C91: Louis | D91: H | E91: 32900 | F91: 35 | G91: Bordeaux | H91: Finance | I91: Préparateur de commandes | J91: CDI | K91: Temps plein | L91: 3620 | M91: 44319 | P91: Léa David | Q91: 5 | R91: 9.3
A92: 1091 | B92: Martin | C92: Manon | D92: F | E92: 35019 | F92: 29 | G92: Marseille | H92: Logistique | I92: Chef d'équipe | J92: CDI | K92: Temps plein | L92: 2090 | M92: 45523 | P92: Camille Garcia | Q92: 3 | R92: 18.5
A93: 1092 | B93: Thomas | C93: Alice | D93: F | E93: 26681 | F93: 52 | G93: Nice | H93: Marketing | I93: Développeur | J93: CDI | K93: Temps plein | L93: 3350 | M93: 44274 | N93: 45177 | O93: Fin de CDD | P93: Jade Lemoine | Q93: 2 | R93: 7.7
A94: 1093 | B94: Garcia | C94: Rose | D94: F | E94: 26010 | F94: 54 | G94: Marseille | H94: Logistique | I94: Demand Planner | J94: CDI | K94: Temps plein | L94: 2070 | M94: 44903 | P94: Gabriel Durand | Q94: 2 | R94: 26.4
A95: 1094 | B95: Morel | C95: Emma | D95: F | E95: 25117 | F95: 56 | G95: Montpellier | H95: Production | I95: Développeur | J95: CDI | K95: Temps plein | L95: 2200 | M95: 44378 | P95: Mila Andre | Q95: 3 | R95: 6.3
A96: 1095 | B96: Dubois | C96: Jade | D96: F | E96: 32420 | F96: 36 | G96: Montpellier | H96: RH | I96: Planificateur | J96: CDI | K96: Temps plein | L96: 3270 | M96: 44606 | P96: Louis Durand | Q96: 3 | R96: 19.9
A97: 1096 | B97: Martin | C97: Emma | D97: F | E97: 25889 | F97: 54 | G97: Nîmes | H97: Logistique | I97: Responsable entrepôt | J97: CDI | K97: Temps plein | L97: 2640 | M97: 44839 | P97: Jules Morel | Q97: 2 | R97: 30.9
A98: 1097 | B98: David | C98: Alice | D98: F | E98: 30727 | F98: 41 | G98: Angers | H98: Ventes | I98: Commercial | J98: CDD | K98: Temps plein | L98: 3780 | M98: 45794 | P98: Adam Andre | Q98: 4 | R98: 0
A99: 1098 | B99: Martin | C99: Emma | D99: F | E99: 28112 | F99: 48 | G99: Lille | H99: IT | I99: Chef de produit | J99: CDD | K99: Temps partiel | L99: 2820 | M99: 44695 | P99: Jade Leroy | Q99: 3 | R99: 19.6
A100: 1099 | B100: Laurent | C100: Adam | D100: H | E100: 27876 | F100: 49 | G100: Nice | H100: Logistique | I100: Chef de produit | J100: CDI | K100: Temps plein | L100: 1970 | M100: 45763 | N100: 45878 | O100: Démission | P100: Adam Laurent | Q100: 3 | R100: 16.3
...

Sheet Absences
A1: EmployeID | B1: Date | C1: TypeAbsence | D1: Heures | E1: Département | F1: Ville | G1: TypeContrat
A2: 1002 | B2: 45765 | C2: Sans solde | D2: 7 | E2: Qualité | F2: Marseille | G2: Intérim
A3: 1002 | B3: 45800 | C3: Maladie | D3: 14 | E3: Qualité | F3: Marseille | G3: Intérim
A4: 1002 | B4: 45689 | C4: Maladie | D4: 14 | E4: Qualité | F4: Marseille | G4: Intérim
A5: 1002 | B5: 45847 | C5: CP | D5: 3.5 | E5: Qualité | F5: Marseille | G5: Intérim
A6: 1003 | B6: 45870 | C6: Maladie | D6: 7 | E6: Ventes | F6: Nice | G6: Intérim
A7: 1006 | B7: 45861 | C7: Maladie | D7: 14 | E7: Logistique | F7: Nîmes | G7: CDD
A8: 1006 | B8: 45884 | C8: CP | D8: 3.5 | E8: Logistique | F8: Nîmes | G8: CDD
A9: 1007 | B9: 45746 | C9: Maladie | D9: 7 | E9: Finance | F9: Nice | G9: CDI
A10: 1008 | B10: 45921 | C10: CP | D10: 3.5 | E10: Production | F10: Marseille | G10: CDI
A11: 1010 | B11: 45714 | C11: CP | D11: 21 | E11: IT | F11: Clermont-Ferrand | G11: CDD
A12: 1010 | B12: 45672 | C12: CP | D12: 7 | E12: IT | F12: Clermont-Ferrand | G12: CDD
A13: 1012 | B13: 45676 | C13: Maladie | D13: 3.5 | E13: Ventes | F13: Nantes | G13: Intérim
... A294: 1230 | B294: 45843 | C294: Maladie | D294: 3.5 | E294: Logistique | F294: Bordeaux | G294: CDI

Sheet Recrutements
A1: RequisitionID | B1: Département | C1: Poste | D1: Ville | E1: DateOuverture | F1: DateClôture | G1: Canal | H1: CoûtRecrutement_EUR | I1: TypeContrat | J1: HiredEmployeID
A2: 5001 | B2: Qualité | C2: Préparateur de commandes | D2: Lyon | E2: 45658 | F2: 45678 | G2: Cabinet | H2: 4440 | I2: CDI | J2: 1099
A3: 5002 | B3: Production | C3: Chargé RH | D3: Tours | E3: 45698 | F3: 45746 | G3: Cooptation | H3: 4680 | I3: CDI | J3: 1062
A4: 5003 | B4: Qualité | C4: Technicien qualité | D4: Tours | E4: 45684 | G4: Indeed | H4: 5760 | I4: CDI
A5: 5004 | B5: RH | C5: Préparateur de commandes | D5: Tours | E5: 45885 | F5: 45933 | G5: Indeed | H5: 490 | I5: Intérim | J5: 1080
A6: 5005 | B6: Marketing | C6: Chef de produit | D6: Grenoble | E6: 45883 | F6: 45911 | G6: Cabinet | H6: 5080 | I6: CDI | J6: 1107
A7: 5006 | B7: Ventes | C7: Responsable paie | D7: Toulouse | E7: 45811 | G7: Indeed | H7: 5780 | I7: CDD
A8: 5007 | B8: Ventes | C8: Chef de produit | D8: Toulon | E8: 45790 | F8: 45826 | G8: Indeed | H8: 5920 | I8: CDD | J8: 1179
A9: 5008 | B9: RH | C9: Data Analyst RH | D9: Strasbourg | E9: 45861 | F9: 45896 | G9: Indeed | H9: 3240 | I9: CDD | J9: 1179
A10: 5009 | B10: Production | C10: Data Analyst RH | D10: Tours | E10: 45675 | G10: Cooptation | H10: 1210 | I10: CDI
A11: 5010 | B11: Production | C11: Responsable entrepôt | D11: Bordeaux | E11: 45870 | F11: 45925 | G11: APEC | H11: 4500 | I11: CDI | J11: 1099
A12: 5011 | B12: Service Client | C12: Chef d'équipe | D12: Saint-Étienne | E12: 45790 | F12: 45830 | G12: LinkedIn | H12: 1490 | I12: Alternance | J12: 1038
A13: 5012 | B13: Marketing | C13: Technicien support | D13: Nice | E13: 45815 | F13: 45830 | G13: Indeed | H13: 3640 | I13: CDI | J13: 1062
A14: 5013 | B14: Production | C14: Gestionnaire ADV | D14: Rennes | E14: 45693 | F14: 45725 | G14: APEC | H14: 5390 | I14: CDI | J14: 1228
A15: 5014 | B15: Ventes | C15: Préparateur de commandes | D15: Clermont-Ferrand | E15: 45644 | F15: 45685 | G15: APEC | H15: 5860 | I15: CDD | J15: 1179
A16: 5015 | B16: Ventes | C16: Développeur | D16: Clermont-Ferrand | E16: 45827 | F16: 45860 | G16: Cooptation | H16: 2000 | I16: CDD | J16: 1179
A17: 5016 | B17: IT | C17: Responsable paie | D17: Dijon | E17: 45649 | F17: 45712 | G17: Indeed | H17: 6380 | I17: Intérim | J17: 1135
A18: 5017 | B18: IT | C18: Chef de produit | D18: Nîmes | E18: 45632 | G18: Indeed | H18: 4830 | I18: CDD
A19: 5018 | B19: Service Client | C19: Responsable entrepôt | D19: Nice | E19: 45832 | F19: 45886 | G19: Indeed | H19: 6030 | I19: CDD | J19: 1179
A20: 5019 | B20: Finance | C20: Acheteur | D20: Grenoble | E20: 45793 | G20: LinkedIn | H20: 590 | I20: CDI
A21: 5020 | B21: Marketing | C21: Chef d'équipe | D21: Paris | E21: 45757 | F21: 45816 | G21: APEC | H21: 1780 | I21: CDD | J21: 1004
A22: 5021 | B22: Logistique | C22: Responsable paie | D22: Nîmes | E22: 45701 | F22: 45732 | G22: Cooptation | H22: 4330 | I22: CDI | J22: 1170
A23: 5022 | B23: Service Client | C23: Planificateur | D23: Saint-Étienne | E23: 45780 | G23: Indeed | H23: 1840 | I23: CDD
A24: 5023 | B24: IT | C24: Chef de produit | D24: Rennes | E24: 45694 | F24: 45718 | G24: Indeed | H24: 1710 | I24: CDI | J24: 1181
A25: 5024 | B25: Service Client | C25: Acheteur | D25: Lille | E25: 45745 | F25: 45804 | G25: LinkedIn | H25: 5910 | I25: Alternance | J25: 1038
A26: 5025 | B26: Ventes | C26: Responsable paie | D26: Montpellier | E26: 45687 | F26: 45752 | G26: Pôle emploi | H26: 670 | I26: CDI | J26: 1216
A27: 5026 | B27: Achats | C27: Planificateur | D27: Saint-Étienne | E27: 45927 | G27: Indeed | H27: 1670 | I27: Intérim
A28: 5027 | B28: Service Client | C28: Chef de produit | D28: Lyon | E28: 45761 | F28: 45812 | G28: LinkedIn | H28: 440 | I28: CDD | J28: 1004
A29: 5028 | B29: Logistique | C29: Technicien support | D29: Reims | E29: 45908 | G29: Indeed | H29: 2830 | I29: CDD
A30: 5029 | B30: Ventes | C30: Opérateur logistique | D30: Rennes | E30: 45805 | F30: 45855 | G30: LinkedIn | H30: 3300 | I30: CDI | J30: 1099
A31: 5030 | B31: IT | C31: Opérateur logistique | D31: Tours | E31: 45677 | F31: 45728 | G31: APEC | H31: 6320 | I31: Intérim | J31: 1151
A32: 5031 | B32: Service Client | C32: Chef de produit | D32: Clermont-Ferrand | E32: 45800 | F32: 45848 | G32: Indeed | H32: 5600 | I32: CDI | J32: 1062
A33: 5032 | B33: Service Client | C33: Gestionnaire ADV | D33: Strasbourg | E33: 45767 | F33: 45789 | G33: Indeed | H33: 4480 | I33: CDI | J33: 1026
A34: 5033 | B34: RH | C34: Développeur | D34: Clermont-Ferrand | E34: 45933 | G34: LinkedIn | H34: 5390 | I34: Intérim
A35: 5034 | B35: Production | C35: Acheteur | D35: Rennes | E35: 45668 | G35: Cooptation | H35: 2860 | I35: Alternance
A36: 5035 | B36: Finance | C36: Opérateur logistique | D36: Marseille | E36: 45815 | F36: 45861 | G36: Cabinet | H36: 1360 | I36: CDI | J36: 1203
A37: 5036 | B37: IT | C37: Technicien support | D37: Reims | E37: 45899 | G37: APEC | H37: 5320 | I37: CDI
A38: 5037 | B38: Logistique | C38: Chef d'équipe | D38: Tours | E38: 45628 | G38: Cooptation | H38: 4020 | I38: Alternance
A39: 5038 | B39: Logistique | C39: Data Analyst RH | D39: Strasbourg | E39: 45710 | F39: 45770 | G39: Pôle emploi | H39: 1580 | I39: CDI | J39: 1049
A40: 5039 | B40: Logistique | C40: Chef d'équipe | D40: Angers | E40: 45723 | F40: 45762 | G40: Pôle emploi | H40: 5550 | I40: CDI | J40: 1107
A41: 5040 | B41: Ventes | C41: Commercial | D41: Reims | E41: 45833 | G41: Cooptation | H41: 4440 | I41: CDI
A42: 5041 | B42: Service Client | C42: Préparateur de commandes | D42: Nantes | E42: 45719 | G42: APEC | H42: 5560 | I42: CDI
A43: 5042 | B43: Achats | C43: Demand Planner | D43: Lyon | E43: 45817 | G43: Cooptation | H43: 3870 | I43: CDI
A44: 5043 | B44: Production | C44: Planificateur | D44: Strasbourg | E44: 45758 | F44: 45814 | G44: Cooptation | H44: 2690 | I44: CDD | J44: 1097
A45: 5044 | B45: RH | C45: Contrôleur de gestion | D45: Lyon | E45: 45700 | F45: 45756 | G45: Cabinet | H45: 4780 | I45: Alternance | J45: 1038
A46: 5045 | B46: Production | C46: Responsable entrepôt | D46: Lille | E46: 45779 | F46: 45827 | G46: Indeed | H46: 5630 | I46: CDI | J46: 1128
A47: 5046 | B47: RH | C47: Chef de produit | D47: Toulouse | E47: 45814 | F47: 45830 | G47: Indeed | H47: 4190 | I47: CDI | J47: 1032
A48: 5047 | B48: Qualité | C48: Contrôleur de gestion | D48: Saint-Étienne | E48: 45724 | F48: 45749 | G48: LinkedIn | H48: 5320 | I48: CDI | J48: 1082
A49: 5048 | B49: Finance | C49: Technicien support | D49: Nantes | E49: 45818 | F49: 45869 | G49: Indeed | H49: 1070 | I49: CDI | J49: 1049
A50: 5049 | B50: Ventes | C50: Technicien support | D50: Paris | E50: 45791 | F50: 45839 | G50: LinkedIn | H50: 3780 | I50: Intérim | J50: 1088
A51: 5050 | B51: Service Client | C51: Technicien qualité | D51: Lyon | E51: 45749 | G51: Indeed | H51: 5310 | I51: CDD
A52: 5051 | B52: Service Client | C52: Responsable paie | D52: Marseille | E52: 45723 | G52: Indeed | H52: 6360 | I52: CDI
A53: 5052 | B53: Ventes | C53: Contrôleur de gestion | D53: Grenoble | E53: 45731 | G53: Indeed | H53: 5590 | I53: CDI
A54: 5053 | B54: Finance | C54: Chargé RH | D54: Paris | E54: 45804 | F54: 45845 | G54: Cabinet | H54: 5690 | I54: CDI | J54: 1031
A55: 5054 | B55: Achats | C55: Commercial | D55: Rennes | E55: 45666 | F55: 45692 | G55: APEC | H55: 5670 | I55: CDI | J55: 1021
A56: 5055 | B56: Achats | C56: Data Analyst RH | D56: Bordeaux | E56: 45808 | F56: 45838 | G56: APEC | H56: 5590 | I56: CDI | J56: 1031
A57: 5056 | B57: Production | C57: Technicien support | D57: Nantes | E57: 45896 | F57: 45922 | G57: LinkedIn | H57: 490 | I57: CDD | J57: 1133
A58: 5057 | B58: Ventes | C58: Développeur | D58: Grenoble | E58: 45836 | F58: 45865 | G58: Cabinet | H58: 5730 | I58: Alternance | J58: 1038
A59: 5058 | B59: Finance | C59: Développeur | D59: Nice | E59: 45726 | F59: 45760 | G59: APEC | H59: 2750 | I59: CDI | J59: 1141
A60: 5059 | B60: Marketing | C60: Data Analyst RH | D60: Montpellier | E60: 45792 | G60: LinkedIn | H60: 1630 | I60: CDI
A61: 5060 | B61: Qualité | C61: Contrôleur de gestion | D61: Dijon | E61: 45636 | F61: 45662 | G61: Cabinet | H61: 4650 | I61: CDD | J61: 1004
A62: 5061 | B62: RH | C62: Développeur | D62: Toulouse | E62: 45701 | G62: Indeed | H62: 4750 | I62: CDI
A63: 5062 | B63: Production | C63: Demand Planner | D63: Lille | E63: 45695 | F63: 45731 | G63: LinkedIn | H63: 3480 | I63: CDI | J63: 1141
A64: 5063 | B64: Qualité | C64: Gestionnaire ADV | D64: Toulouse | E64: 45687 | F64: 45752 | G64: LinkedIn | H64: 4680 | I64: CDI | J64: 1049
A65: 5064 | B65: Achats | C65: Gestionnaire ADV | D65: Toulon | E65: 45753 | G65: Pôle emploi | H65: 2200 | I65: CDD
A66: 5065 | B66: Service Client | C66: Chef d'équipe | D66: Toulouse | E66: 45717 | F66: 45780 | G66: Cooptation | H66: 1620 | I66: CDI | J66: 1228
A67: 5066 | B67: Ventes | C67: Responsable entrepôt | D67: Lyon | E67: 45772 | F67: 45820 | G67: LinkedIn | H67: 2250 | I67: CDI | J67: 1032
A68: 5067 | B68: Production | C68: Planificateur | D68: Grenoble | E68: 45759 | F68: 45795 | G68: LinkedIn | H68: 4190 | I68: CDI | J68: 1203
A69: 5068 | B69: Ventes | C69: Opérateur logistique | D69: Grenoble | E69: 45685 | G69: Cabinet | H69: 5870 | I69: CDI
A70: 5069 | B70: IT | C70: Technicien qualité | D70: Montpellier | E70: 45800 | F70: 45859 | G70: APEC | H70: 5820 | I70: CDD | J70: 1097
A71: 5070 | B71: Production | C71: Acheteur | D71: Toulon | E71: 45820 | F71: 45849 | G71: APEC | H71: 5800 | I71: CDD | J71: 1004
A72: 5071 | B72: Ventes | C72: Technicien qualité | D72: Bordeaux | E72: 45707 | F72: 45729 | G72: Cooptation | H72: 3500 | I72: CDI | J72: 1049
A73: 5072 | B73: Service Client | C73: Acheteur | D73: Nantes | E73: 45890 | G73: Pôle emploi | H73: 6230 | I73: CDI
A74: 5073 | B74: Logistique | C74: Chef de produit | D74: Tours | E74: 45656 | F74: 45704 | G74: APEC | H74: 5070 | I74: CDI | J74: 1112
A75: 5074 | B75: Ventes | C75: Développeur | D75: Lille | E75: 45908 | F75: 45927 | G75: Cooptation | H75: 2670 | I75: CDI | J75: 1032
A76: 5075 | B76: Service Client | C76: Responsable entrepôt | D76: Clermont-Ferrand | E76: 45703 | F76: 45727 | G76: LinkedIn | H76: 3690 | I76: CDI | J76: 1099
A77: 5076 | B77: Logistique | C77: Magasinier | D77: Angers | E77: 45769 | G77: Indeed | H77: 3960 | I77: CDI
A78: 5077 | B78: Production | C78: Responsable paie | D78: Angers | E78: 45925 | G78: Indeed | H78: 4620 | I78: Alternance
A79: 5078 | B79: RH | C79: Opérateur logistique | D79: Marseille | E79: 45681 | F79: 45715 | G79: Cooptation | H79: 1080 | I79: CDI | J79: 1082
A80: 5079 | B80: RH | C80: Gestionnaire ADV | D80: Bordeaux | E80: 45859 | F80: 45922 | G80: Indeed | H80: 2990 | I80: CDI | J80: 1181
A81: 5080 | B81: Marketing | C81: Préparateur de commandes | D81: Reims | E81: 45911 | G81: Indeed | H81: 470 | I81: CDI
A82: 5081 | B82: Achats | C82: Opérateur logistique | D82: Clermont-Ferrand | E82: 45779 | F82: 45813 | G82: Cooptation | H82: 3800 | I82: CDD | J82: 1133
A83: 5082 | B83: RH | C83: Chargé RH | D83: Angers | E83: 45924 | G83: Indeed | H83: 2910 | I83: CDI
A84: 5083 | B84: Service Client | C84: Chef d'équipe | D84: Rennes | E84: 45689 | F84: 45725 | G84: Cabinet | H84: 2290 | I84: CDI | J84: 1171
A85: 5084 | B85: Production | C85: Contrôleur de gestion | D85: Montpellier | E85: 45632 | G85: APEC | H85: 6350 | I85: CDI
A86: 5085 | B86: RH | C86: Planificateur | D86: Grenoble | E86: 45705 | F86: 45726 | G86: Cabinet | H86: 3270 | I86: CDI | J86: 1170
A87: 5086 | B87: IT | C87: Opérateur logistique | D87: Bordeaux | E87: 45731 | F87: 45775 | G87: APEC | H87: 2250 | I87: Alternance | J87: 1129
A88: 5087 | B88: Logistique | C88: Technicien qualité | D88: Nice | E88: 45707 | F88: 45765 | G88: APEC | H88: 340 | I88: CDD | J88: 1097
A89: 5088 | B89: Qualité | C89: Demand Planner | D89: Strasbourg | E89: 45898 | G89: LinkedIn | H89: 5210 | I89: CDI
A90: 5089 | B90: Production | C90: Contrôleur de gestion | D90: Paris | E90: 45646 | G90: Indeed | H90: 5390 | I90: CDI
A91: 5090 | B91: Service Client | C91: Opérateur logistique | D91: Strasbourg | E91: 45911 | G91: LinkedIn | H91: 5700 | I91: CDI
A92: 5091 | B92: Marketing | C92: Planificateur | D92: Grenoble | E92: 45910 | G92: LinkedIn | H92: 3750 | I92: CDI
A93: 5092 | B93: RH | C93: Responsable paie | D93: Toulouse | E93: 45731 | G93: LinkedIn | H93: 1580 | I93: Intérim
A94: 5093 | B94: Ventes | C94: Gestionnaire ADV | D94: Lyon | E94: 45901 | G94: Indeed | H94: 1320 | I94: Intérim
A95: 5094 | B95: RH | C95: Planificateur | D95: Clermont-Ferrand | E95: 45865 | F95: 45908 | G95: APEC | H95: 4850 | I95: CDI | J95: 1026
A96: 5095 | B96: Logistique | C96: Contrôleur de gestion | D96: Toulouse | E96: 45890 | F96: 45907 | G96: LinkedIn | H96: 1940 | I96: Alternance | J96: 1038
A97: 5096 | B97: Ventes | C97: Commercial | D97: Nîmes | E97: 45682 | G97: LinkedIn | H97: 2710 | I97: Alternance
A98: 5097 | B98: Ventes | C98: Technicien support | D98: Clermont-Ferrand | E98: 45712 | F98: 45764 | G98: APEC | H98: 4390 | I98: CDI | J98: 1107
A99: 5098 | B99: Ventes | C99: Chef d'équipe | D99: Paris | E99: 45690 | F99: 45711 | G99: LinkedIn | H99: 2210 | I99: CDD | J99: 1004
A100: 5099 | B100: Marketing | C100: Planificateur | D100: Tours | E100: 45865 | F100: 45925 | G100: APEC | H100: 2910 | I100: CDD | J100: 1097
...

Sheet Paramètres
A1: Paramètres — Filtres & Cibles (France)
D2: Listes
A3: Période — Début | B3: 45658 | D3: Départements | E3: Villes | F3: Contrats
A4: Période — Fin | B4: 45934 | D4: Production | E4: Paris | F4: CDI
D5: Logistique | E5: Lyon | F5: CDD
A6: Filtre Département | B6: Tous | D6: Ventes | E6: Marseille | F6: Alternance
A7: Filtre Ville | B7: Tous | D7: Service Client | E7: Toulouse | F7: Intérim
A8: Filtre Type de contrat | B8: Tous | D8: Qualité | E8: Bordeaux
D9: Achats | E9: Nantes
A10: Cible Turnover (période) | B10: 0.1 | D10: Finance | E10: Lille
A11: Cible Absentéisme | B11: 0.03 | D11: RH | E11: Nice
A12: Cible Parité (Femmes) | B12: 0.4 | D12: IT | E12: Strasbourg
A13: Cible Time-to-Fill (jours) | B13: 35 | D13: Marketing | E13: Montpellier
A14: Cible Coût/Embauche (€) | B14: 2500 | E14: Rennes
E15: Reims
E16: Saint-Étienne
E17: Toulon
E18: Grenoble
E19: Dijon
E20: Angers
E21: Nîmes
E22: Clermont-Ferrand
E23: Tours

Sheet KPI
A1: KPI — Calculs (ne pas supprimer)
D2: Département | E2: Effectif_fin | G2: Canal | H2: Embauches | J2: TypeAbsence | K2: Heures | M2: Genre | N2: Effectif_fin
A3: Effectif début | B3: =SUMPRODUCT( (Employés!$M$2:$M$231<=Paramètres!$B$3)*((Employés!$N$2:$N$231="")+(Employés!$N$2:$N$231>=Paramètres!$B$3))* ((Paramètres!$B$6="Tous")+(Employés!$H$2:$H$231=Paramètres!$B$6))* ((Paramètres!$B$7="Tous")+(Employés!$G$2:$G$231=Paramètres!$B$7))* ((Paramètres!$B$8="Tous")+(Employés!$J$2:$J$231=Paramètres!$B$8)) ) -> 0 | D3: Production | E3: =SUMPRODUCT( (Employés!$M$2:$M$231<=Paramètres!$B$4)*((Employés!$N$2:$N$231="")+(Employés!$N$2:$N$231>=Paramètres!$B$4))* (Employés!$H$2:$H$231="Production")* ((Paramètres!$B$7="Tous")+(Employés!$G$2:$G$231=Paramètres!$B$7))* ((Paramètres!$B$8="Tous")+(Employés!$J$2:$J$231=Paramètres!$B$8)) ) -> 0 | G3: APEC | H3: =SUMPRODUCT( (Recrutements!$F$2:$F$161>=Paramètres!$B$3)*(Recrutements!$F$2:$F$161<=Paramètres!$B$4)*(Recrutements!$G$2:$G$161="APEC")* ((Paramètres!$B$6="Tous")+(Recrutements!$B$2:$B$161=Paramètres!$B$6))* ((Paramètres!$B$7="Tous")+(Recrutements!$D$2:$D$161=Paramètres!$B$7))* ((Paramètres!$B$8="Tous")+(Recrutements!$I$2:$I$161=Paramètres!$B$8)) ) -> 0 | J3: Maladie | K3: =SUMPRODUCT( (Absences!$B$2:$B$294>=Paramètres!$B$3)*(Absences!$B$2:$B$294<=Paramètres!$B$4)*(Absences!$C$2:$C$294="Maladie")* ((Paramètres!$B$6="Tous")+(Absences!$E$2:$E$294=Paramètres!$B$6))*((Paramètres!$B$7="Tous")+(Absences!$F$2:$F$294=Paramètres!$B$7)) ) -> 0 | M3: Femmes | N3: =SUMPRODUCT( (Employés!$M$2:$M$231<=Paramètres!$B$4)*((Employés!$N$2:$N$231="")+(Employés!$N$2:$N$231>=Paramètres!$B$4))* (Employés!$D$2:$D$231="F")*((Paramètres!$B$6="Tous")+(Employés!$H$2:$H$231=Paramètres!$B$6))* ((Paramètres!$B$7="Tous")+(Employés!$G$2:$G$231=Paramètres!$B$7))*((Paramètres!$B$8="Tous")+(Employés!$J$2:$J$231=Paramètres!$B$8)) ) -> 0
A4: Effectif fin | B4: =SUMPRODUCT( (Employés!$M$2:$M$231<=Paramètres!$B$4)*((Employés!$N$2:$N$231="")+(Employés!$N$2:$N$231>=Paramètres!$B$4))* ((Paramètres!$B$6="Tous")+(Employés!$H$2:$H$231=Paramètres!$B$6))* ((Paramètres!$B$7="Tous")+(Employés!$G$2:$G$231=Paramètres!$B$7))* ((Paramètres!$B$8="Tous")+(Employés!$J$2:$J$231=Paramètres!$B$8)) ) -> 0 | D4: Logistique | E4: =SUMPRODUCT( (Employés!$M$2:$M$231<=Paramètres!$B$4)*((Employés!$N$2:$N$231="")+(Employés!$N$2:$N$231>=Paramètres!$B$4))* (Employés!$H$2:$H$231="Logistique")* ((Paramètres!$B$7="Tous")+(Employés!$G$2:$G$231=Paramètres!$B$7))* ((Paramètres!$B$8="Tous")+(Employés!$J$2:$J$231=Paramètres!$B$8)) ) -> 0 | G4: Indeed | H4: =SUMPRODUCT( (Recrutements!$F$2:$F$161>=Paramètres!$B$3)*(Recrutements!$F$2:$F$161<=Paramètres!$B$4)*(Recrutements!$G$2:$G$161="Indeed")* ((Paramètres!$B$6="Tous")+(Recrutements!$B$2:$B$161=Paramètres!$B$6))* ((Paramètres!$B$7="Tous")+(Recrutements!$D$2:$D$161=Paramètres!$B$7))* ((Paramètres!$B$8="Tous")+(Recrutements!$I$2:$I$161=Paramètres!$B$8)) ) -> 0 | J4: CP | K4: =SUMPRODUCT( (Absences!$B$2:$B$294>=Paramètres!$B$3)*(Absences!$B$2:$B$294<=Paramètres!$B$4)*(Absences!$C$2:$C$294="CP")* ((Paramètres!$B$6="Tous")+(Absences!$E$2:$E$294=Paramètres!$B$6))*((Paramètres!$B$7="Tous")+(Absences!$F$2:$F$294=Paramètres!$B$7)) ) -> 0 | M4: Hommes | N4: =SUMPRODUCT( (Employés!$M$2:$M$231<=Paramètres!$B$4)*((Employés!$N$2:$N$231="")+(Employés!$N$2:$N$231>=Paramètres!$B$4))* (Employés!$D$2:$D$231="H")*((Paramètres!$B$6="Tous")+(Employés!$H$2:$H$231=Paramètres!$B$6))* ((Paramètres!$B$7="Tous")+(Employés!$G$2:$G$231=Paramètres!$B$7))*((Paramètres!$B$8="Tous")+(Employés!$J$2:$J$231=Paramètres!$B$8)) ) -> 0
A5: Effectif moyen | B5: =IFERROR(AVERAGE(B3,B4),0) -> 0 | D5: Ventes | E5: =SUMPRODUCT( (Employés!$M$2:$M$231<=Paramètres!$B$4)*((Employés!$N$2:$N$231="")+(Employés!$N$2:$N$231>=Paramètres!$B$4))* (Employés!$H$2:$H$231="Ventes")* ((Paramètres!$B$7="Tous")+(Employés!$G$2:$G$231=Paramètres!$B$7))* ((Paramètres!$B$8="Tous")+(Employés!$J$2:$J$231=Paramètres!$B$8)) ) -> 0 | G5: LinkedIn | H5: =SUMPRODUCT( (Recrutements!$F$2:$F$161>=Paramètres!$B$3)*(Recrutements!$F$2:$F$161<=Paramètres!$B$4)*(Recrutements!$G$2:$G$161="LinkedIn")* ((Paramètres!$B$6="Tous")+(Recrutements!$B$2:$B$161=Paramètres!$B$6))* ((Paramètres!$B$7="Tous")+(Recrutements!$D$2:$D$161=Paramètres!$B$7))* ((Paramètres!$B$8="Tous")+(Recrutements!$I$2:$I$161=Paramètres!$B$8)) ) -> 0 | J5: RTT | K5: =SUMPRODUCT( (Absences!$B$2:$B$294>=Paramètres!$B$3)*(Absences!$B$2:$B$294<=Paramètres!$B$4)*(Absences!$C$2:$C$294="RTT")* ((Paramètres!$B$6="Tous")+(Absences!$E$2:$E$294=Paramètres!$B$6))*((Paramètres!$B$7="Tous")+(Absences!$F$2:$F$294=Paramètres!$B$7)) ) -> 0
A6: Départs (période) | B6: =SUMPRODUCT( (Employés!$N$2:$N$231>=Paramètres!$B$3)*(Employés!$N$2:$N$231<=Paramètres!$B$4)* ((Paramètres!$B$6="Tous")+(Employés!$H$2:$H$231=Paramètres!$B$6))* ((Paramètres!$B$7="Tous")+(Employés!$G$2:$G$231=Paramètres!$B$7))* ((Paramètres!$B$8="Tous")+(Employés!$J$2:$J$231=Paramètres!$B$8)) ) -> 0 | D6: Service Client | E6: =SUMPRODUCT( (Employés!$M$2:$M$231<=Paramètres!$B$4)*((Employés!$N$2:$N$231="")+(Employés!$N$2:$N$231>=Paramètres!$B$4))* (Employés!$H$2:$H$231="Service Client")* ((Paramètres!$B$7="Tous")+(Employés!$G$2:$G$231=Paramètres!$B$7))* ((Paramètres!$B$8="Tous")+(Employés!$J$2:$J$231=Paramètres!$B$8)) ) -> 0 | G6: Cooptation | H6: =SUMPRODUCT( (Recrutements!$F$2:$F$161>=Paramètres!$B$3)*(Recrutements!$F$2:$F$161<=Paramètres!$B$4)*(Recrutements!$G$2:$G$161="Cooptation")* ((Paramètres!$B$6="Tous")+(Recrutements!$B$2:$B$161=Paramètres!$B$6))* ((Paramètres!$B$7="Tous")+(Recrutements!$D$2:$D$161=Paramètres!$B$7))* ((Paramètres!$B$8="Tous")+(Recrutements!$I$2:$I$161=Paramètres!$B$8)) ) -> 0 | J6: Sans solde | K6: =SUMPRODUCT( (Absences!$B$2:$B$294>=Paramètres!$B$3)*(Absences!$B$2:$B$294<=Paramètres!$B$4)*(Absences!$C$2:$C$294="Sans solde")* ((Paramètres!$B$6="Tous")+(Absences!$E$2:$E$294=Paramètres!$B$6))*((Paramètres!$B$7="Tous")+(Absences!$F$2:$F$294=Paramètres!$B$7)) ) -> 0
A7: Turnover (période) | B7: =IFERROR(B6/B5,0) -> 0 | D7: Qualité | E7: =SUMPRODUCT( (Employés!$M$2:$M$231<=Paramètres!$B$4)*((Employés!$N$2:$N$231="")+(Employés!$N$2:$N$231>=Paramètres!$B$4))* (Employés!$H$2:$H$231="Qualité")* ((Paramètres!$B$7="Tous")+(Employés!$G$2:$G$231=Paramètres!$B$7))* ((Paramètres!$B$8="Tous")+(Employés!$J$2:$J$231=Paramètres!$B$8)) ) -> 0 | G7: Cabinet | H7: =SUMPRODUCT( (Recrutements!$F$2:$F$161>=Paramètres!$B$3)*(Recrutements!$F$2:$F$161<=Paramètres!$B$4)*(Recrutements!$G$2:$G$161="Cabinet")* ((Paramètres!$B$6="Tous")+(Recrutements!$B$2:$B$161=Paramètres!$B$6))* ((Paramètres!$B$7="Tous")+(Recrutements!$D$2:$D$161=Paramètres!$B$7))* ((Paramètres!$B$8="Tous")+(Recrutements!$I$2:$I$161=Paramètres!$B$8)) ) -> 0
A8: Heures d'absence | B8: =SUMPRODUCT( (Absences!$B$2:$B$294>=Paramètres!$B$3)*(Absences!$B$2:$B$294<=Paramètres!$B$4)* ((Paramètres!$B$6="Tous")+(Absences!$E$2:$E$294=Paramètres!$B$6))* ((Paramètres!$B$7="Tous")+(Absences!$F$2:$F$294=Paramètres!$B$7))* ((Paramètres!$B$8="Tous")+(Absences!$G$2:$G$294=Paramètres!$B$8))*Absences!$D$2:$D$294 ) -> 0 | D8: Achats | E8: =SUMPRODUCT( (Employés!$M$2:$M$231<=Paramètres!$B$4)*((Employés!$N$2:$N$231="")+(Employés!$N$2:$N$231>=Paramètres!$B$4))* (Employés!$H$2:$H$231="Achats")* ((Paramètres!$B$7="Tous")+(Employés!$G$2:$G$231=Paramètres!$B$7))* ((Paramètres!$B$8="Tous")+(Employés!$J$2:$J$231=Paramètres!$B$8)) ) -> 0 | G8: Pôle emploi | H8: =SUMPRODUCT( (Recrutements!$F$2:$F$161>=Paramètres!$B$3)*(Recrutements!$F$2:$F$161<=Paramètres!$B$4)*(Recrutements!$G$2:$G$161="Pôle emploi")* ((Paramètres!$B$6="Tous")+(Recrutements!$B$2:$B$161=Paramètres!$B$6))* ((Paramètres!$B$7="Tous")+(Recrutements!$D$2:$D$161=Paramètres!$B$7))* ((Paramètres!$B$8="Tous")+(Recrutements!$I$2:$I$161=Paramètres!$B$8)) ) -> 0
A9: Jours ouvrés (période) | B9: =NETWORKDAYS(Paramètres!$B$3,Paramètres!$B$4) -> 0 | D9: Finance | E9: =SUMPRODUCT( (Employés!$M$2:$M$231<=Paramètres!$B$4)*((Employés!$N$2:$N$231="")+(Employés!$N$2:$N$231>=Paramètres!$B$4))* (Employés!$H$2:$H$231="Finance")* ((Paramètres!$B$7="Tous")+(Employés!$G$2:$G$231=Paramètres!$B$7))* ((Paramètres!$B$8="Tous")+(Employés!$J$2:$J$231=Paramètres!$B$8)) ) -> 0
A10: Heures théoriques (7h/j × effectif moyen) | B10: =B9*7*B5 -> 0 | D10: RH | E10: =SUMPRODUCT( (Employés!$M$2:$M$231<=Paramètres!$B$4)*((Employés!$N$2:$N$231="")+(Employés!$N$2:$N$231>=Paramètres!$B$4))* (Employés!$H$2:$H$231="RH")* ((Paramètres!$B$7="Tous")+(Employés!$G$2:$G$231=Paramètres!$B$7))* ((Paramètres!$B$8="Tous")+(Employés!$J$2:$J$231=Paramètres!$B$8)) ) -> 0
A11: Taux d'absentéisme | B11: =IFERROR(B8/B10,0) -> 0 | D11: IT | E11: =SUMPRODUCT( (Employés!$M$2:$M$231<=Paramètres!$B$4)*((Employés!$N$2:$N$231="")+(Employés!$N$2:$N$231>=Paramètres!$B$4))* (Employés!$H$2:$H$231="IT")* ((Paramètres!$B$7="Tous")+(Employés!$G$2:$G$231=Paramètres!$B$7))* ((Paramètres!$B$8="Tous")+(Employés!$J$2:$J$231=Paramètres!$B$8)) ) -> 0
D12: Marketing | E12: =SUMPRODUCT( (Employés!$M$2:$M$231<=Paramètres!$B$4)*((Employés!$N$2:$N$231="")+(Employés!$N$2:$N$231>=Paramètres!$B$4))* (Employés!$H$2:$H$231="Marketing")* ((Paramètres!$B$7="Tous")+(Employés!$G$2:$G$231=Paramètres!$B$7))* ((Paramètres!$B$8="Tous")+(Employés!$J$2:$J$231=Paramètres!$B$8)) ) -> 0
A13: Embauches (clôturées) | B13: =SUMPRODUCT( (Recrutements!$F$2:$F$161>=Paramètres!$B$3)*(Recrutements!$F$2:$F$161<=Paramètres!$B$4)* ((Paramètres!$B$6="Tous")+(Recrutements!$B$2:$B$161=Paramètres!$B$6))* ((Paramètres!$B$7="Tous")+(Recrutements!$D$2:$D$161=Paramètres!$B$7))* ((Paramètres!$B$8="Tous")+(Recrutements!$I$2:$I$161=Paramètres!$B$8)) ) -> 0
A14: Time-to-fill moyen (jours) | B14: =IFERROR( SUMPRODUCT(((Recrutements!$F$2:$F$161>=Paramètres!$B$3)*(Recrutements!$F$2:$F$161<=Paramètres!$B$4)* ((Paramètres!$B$6="Tous")+(Recrutements!$B$2:$B$161=Paramètres!$B$6))* ((Paramètres!$B$7="Tous")+(Recrutements!$D$2:$D$161=Paramètres!$B$7))* ((Paramètres!$B$8="Tous")+(Recrutements!$I$2:$I$161=Paramètres!$B$8)))*(Recrutements!$F$2:$F$161-Recrutements!$E$2:$E$161))/B13,0) -> 0
A15: Coût moyen par embauche (€) | B15: =IFERROR( SUMPRODUCT(((Recrutements!$F$2:$F$161>=Paramètres!$B$3)*(Recrutements!$F$2:$F$161<=Paramètres!$B$4)* ((Paramètres!$B$6="Tous")+(Recrutements!$B$2:$B$161=Paramètres!$B$6))* ((Paramètres!$B$7="Tous")+(Recrutements!$D$2:$D$161=Paramètres!$B$7))* ((Paramètres!$B$8="Tous")+(Recrutements!$I$2:$I$161=Paramètres!$B$8)))*Recrutements!$H$2:$H$161)/B13,0) -> 0
A17: Femmes actives fin (%) | B17: =IFERROR( SUMPRODUCT((Employés!$M$2:$M$231<=Paramètres!$B$4)*((Employés!$N$2:$N$231="")+(Employés!$N$2:$N$231>=Paramètres!$B$4))* (Employés!$D$2:$D$231="F")*(((Paramètres!$B$6="Tous")+(Employés!$H$2:$H$231=Paramètres!$B$6))* ((Paramètres!$B$7="Tous")+(Employés!$G$2:$G$231=Paramètres!$B$7))* ((Paramètres!$B$8="Tous")+(Employés!$J$2:$J$231=Paramètres!$B$8))))/B4,0) -> 0
A18: Salaire moyen — Femmes (€) | B18: =IFERROR( SUMPRODUCT((Employés!$M$2:$M$231<=Paramètres!$B$4)*((Employés!$N$2:$N$231="")+(Employés!$N$2:$N$231>=Paramètres!$B$4))* (Employés!$D$2:$D$231="F")*((Paramètres!$B$6="Tous")+(Employés!$H$2:$H$231=Paramètres!$B$6))* ((Paramètres!$B$7="Tous")+(Employés!$G$2:$G$231=Paramètres!$B$7))* ((Paramètres!$B$8="Tous")+(Employés!$J$2:$J$231=Paramètres!$B$8))*Employés!$L$2:$L$231)/ SUMPRODUCT((Employés!$M$2:$M$231<=Paramètres!$B$4)*((Employés!$N$2:$N$231="")+(Employés!$N$2:$N$231>=Paramètres!$B$4))* (Employés!$D$2:$D$231="F")*((Paramètres!$B$6="Tous")+(Employés!$H$2:$H$231=Paramètres!$B$6))* ((Paramètres!$B$7="Tous")+(Employés!$G$2:$G$231=Paramètres!$B$7))* ((Paramètres!$B$8="Tous")+(Employés!$J$2:$J$231=Paramètres!$B$8))),0) -> 0
A19: Salaire moyen — Hommes (€) | B19: =IFERROR( SUMPRODUCT((Employés!$M$2:$M$231<=Paramètres!$B$4)*((Employés!$N$2:$N$231="")+(Employés!$N$2:$N$231>=Paramètres!$B$4))* (Employés!$D$2:$D$231="H")*((Paramètres!$B$6="Tous")+(Employés!$H$2:$H$231=Paramètres!$B$6))* ((Paramètres!$B$7="Tous")+(Employés!$G$2:$G$231=Paramètres!$B$7))* ((Paramètres!$B$8="Tous")+(Employés!$J$2:$J$231=Paramètres!$B$8))*Employés!$L$2:$L$231)/ SUMPRODUCT((Employés!$M$2:$M$231<=Paramètres!$B$4)*((Employés!$N$2:$N$231="")+(Employés!$N$2:$N$231>=Paramètres!$B$4))* (Employés!$D$2:$D$231="H")*((Paramètres!$B$6="Tous")+(Employés!$H$2:$H$231=Paramètres!$B$6))* ((Paramètres!$B$7="Tous")+(Employés!$G$2:$G$231=Paramètres!$B$7))* ((Paramètres!$B$8="Tous")+(Employés!$J$2:$J$231=Paramètres!$B$8))),0) -> 0
A20: Écart salarial H/F (%) | B20: =IFERROR((B19-B18)/B18,0) -> 0
A21: Part d'intérim (fin) | B21: =IFERROR( SUMPRODUCT((Employés!$M$2:$M$231<=Paramètres!$B$4)*((Employés!$N$2:$N$231="")+(Employés!$N$2:$N$231>=Paramètres!$B$4))* (Employés!$J$2:$J$231="Intérim")*((Paramètres!$B$6="Tous")+(Employés!$H$2:$H$231=Paramètres!$B$6))* ((Paramètres!$B$7="Tous")+(Employés!$G$2:$G$231=Paramètres!$B$7)))/B4,0) -> 0
A22: Heures formation (total) | B22: =SUMPRODUCT( (Employés!$M$2:$M$231<=Paramètres!$B$4)*((Employés!$N$2:$N$231="")+(Employés!$N$2:$N$231>=Paramètres!$B$4))* ((Paramètres!$B$6="Tous")+(Employés!$H$2:$H$231=Paramètres!$B$6))* ((Paramètres!$B$7="Tous")+(Employés!$G$2:$G$231=Paramètres!$B$7))*Employés!$R$2:$R$231 ) -> 0
A23: Formation par ETP (h) | B23: =IFERROR(B22/B5,0) -> 0

Sheet Dashboard — One Page
A1: Tableau de bord RH — Vue Exécutive (France, One Page)
A2: Période | B2: =TEXT(Paramètres!B3,"yyyy-mm-dd") & " → " & TEXT(Paramètres!B4,"yyyy-mm-dd") -> 0 | D2: Filtres | E2: =IF(Paramètres!B6="Tous","Tous départements",Paramètres!B6) & " ; " & IF(Paramètres!B7="Tous","Toutes villes",Paramètres!B7) & " ; " & IF(Paramètres!B8="Tous","Tous contrats",Paramètres!B8) -> 0
A4: Effectif fin | C4: Turnover (période) | E4: Absentéisme | G4: Parité (Femmes fin)
A5: =KPI!B4 -> 0 | C5: =KPI!B7 -> 0 | E5: =KPI!B11 -> 0 | G5: =KPI!B17 -> 0
A8: Embauches (période) | C8: Time-to-fill moyen (j) | E8: Coût/embauche (€) | G8: Écart salarial H/F
A9: =KPI!B13 -> 0 | C9: =KPI!B14 -> 0 | E9: =KPI!B15 -> 0 | G9: =KPI!B20 -> 0
A45: Astuce : ajustez vos cibles dans « Paramètres » (turnover, absentéisme, parité, time-to-fill, coût/embauche) puis filtrez par département/ville/contrat pour une lecture ciblée.

Sheet Mode d’emploi
A1: Mode d’emploi — Tableau de bord RH (France)
A3: 1) Renseignez vos collaborateurs dans « Employés » : villes et noms/prénoms sont français.
A4: 2) Saisissez les absences 2025 dans « Absences » (heures).
A5: 3) Enregistrez vos recrutements dans « Recrutements » (ouverture, clôture, canal, coût).
A6: 4) Définissez la période et les filtres dans « Paramètres ».
A7: 5) Lisez la One-Page : tuiles KPI + 4 graphiques. Imprimez en A4 paysage (Fit to 1 page).
A9: Colonnes attendues — Employés
A10: EmployeID, Nom, Prénom, Sexe, DateNaissance, Age, Ville, Département, Poste, TypeContrat, TempsTravail, Salaire_EUR, DateEmbauche, DateSortie, MotifSortie, Manager, Evaluation, HeuresFormation_2025
A12: Colonnes — Absences
A13: EmployeID, Date, TypeAbsence, Heures, Département, Ville, TypeContrat
A15: Colonnes — Recrutements
A16: RequisitionID, Département, Poste, Ville, DateOuverture, DateClôture, Canal, CoûtRecrutement_EUR, TypeContrat, HiredEmployeID
